 Dungeon Crawl Stone Soup version 0.16-a0-3086-ga63ba9b (webtiles) character file.

81 stonewall the Skirmisher (level 4, 0/37 HPs)
             Began as a Mummy Arcane Marksman on Dec 11, 2014.
             Killed from afar by an orc wizard (2 damage)
             ... with a puff of frost
             ... on level 3 of the Dungeon.
             The game lasted 00:02:32 (2058 turns).

stonewall the Skirmisher (Mummy Arcane Marksman)    Turns: 2058, Time: 00:02:33

Health: 0/37       AC:  3    Str: 15    XL:     4   Next: 19%
Magic:  5/5        EV: 12    Int: 12    God:
Gold:   159        SH:  0    Dex: 11    Spells: 1 memorised, 4 levels left

rFire  x . .     SeeInvis .     m - +3 quarterstaff (chaos)
rCold  + . .     Clarity  .     a - +0 robe
rNeg   + + +     SustAb   .     (no shield)
rPois  ∞         Gourm    +     (no helmet)
rElec  .         Spirit   .     n - +0 cloak
rCorr  .         Warding  .     (no gloves)
rMut   .         Stasis   .     (no boots)
MR     .....                    j - amulet of the gourmand
Stlth  +.........               (no ring)
                                t - ring of positive energy

@: not resistant to hostile enchantments, very unstealthy
A: no food or potions, fire vulnerability, restore body, cold resistance 1,
negative energy resistance 3, poison resistance, torment resistance, unbreathing
a: no special abilities


You were on level 3 of the Dungeon.
You were not hungry.

You visited 1 branch of the dungeon, and saw 3 of its levels.

You collected 159 gold pieces.

Inventory:

Hand weapons
 b - a +0 hunting sling
 m - a +3 quarterstaff of chaos (weapon)
 o - a +2 hammer of protection
 p - a cursed -1 hammer
Missiles
 c - 7 sling bullets
 e - 88 stones (quivered)
Armour
 a - a +0 robe (worn)
 n - a +0 cloak (worn)
Jewellery
 j - an amulet of the gourmand (around neck)
 t - a ring of positive energy (left hand)
Magical devices
 i - a wand of flame (11)
 l - a wand of teleportation (2)
Scrolls
 f - 2 scrolls of enchant armour {unknown}
 g - 2 scrolls of remove curse {unknown}
 h - 2 scrolls of recharging {unknown}
 k - 2 scrolls of immolation {unknown}
 q - a scroll of amnesia {unknown}
 r - 3 scrolls of fog {unknown}
 s - a scroll of identify {unknown}
Books
 d - a book of Debilitation

   Spells                             Type                      Level
   a - Corona                         Hexes                        1
   b - Slow                           Hexes                        2
   c - Inner Flame                    Hexes/Fire                   3
   d - Enslavement                    Hexes                        4
   e - Cause Fear                     Hexes                        4
   f - Leda's Liquefaction            Hexes/Earth                  4


   Skills:
 - Level 3.9 Fighting
 + Level 0.5 Staves
 - Level 1.5 Slings
 - Level 1.5 Dodging
 - Level 1.0 Spellcasting
 - Level 2.6 Hexes


You had 4 spell levels left.
You knew the following spells:

 Your Spells              Type           Power        Failure   Level  Hunger
a - Corona                Hex            #......      12%         1    N/A

Dungeon Overview and Level Annotations

Branches:
Dungeon (3/15)

Altars:
Kikubaaqudgha
Qazlal


Innate Abilities, Weirdness & Mutations

You do not eat or drink.
Your flesh is vulnerable to fire.
Your flesh is cold resistant.
You are immune to negative energy.
Your system is resistant to poisons.
You are immune to unholy pain and torment.
You can survive without breathing.


Message History

You hit the orc.
You kill the orc!
The orc completely misses you.
The orc wizard casts a spell.
The orc wizard seems to speed up.
You closely miss the orc wizard. The orc wizard hits you with a dagger.
* * * LOW HITPOINT WARNING * * *
The orc hits you from afar with a trident.
* * * LOW HITPOINT WARNING * * *
The orc wizard's eyes start to glow.
You are too injured to fight recklessly!
You are too injured to fight recklessly!
You are too injured to fight recklessly!
You miss the orc wizard. The orc wizard hits you with a dagger.
* * * LOW HITPOINT WARNING * * *
The orc hits you from afar with a trident.
* * * LOW HITPOINT WARNING * * *
The orc wizard gestures at you while chanting.
The puff of frost hits you! You resist.
You die...

### ##. ..### ... #...#
#.. ###.# ..## #.# ..#
#.. #.#### #.## ..
###....# #..###.#
.#####.#######......#
.# #.....#....@[### .#
#####...#.##o.#
.########.........o...
..........####.###....#
#...####### #.# ....#
#.#.#### #(# .....
..#....### #.# ...
######..[# #.. ..
###.## .


You could see an orc wizard and an orc.

Vanquished Creatures
  Crazy Yiuf (D:2)
  An adder (D:2)
  A giant gecko (D:1)
  2 orcs (D:3)
  5 bats
  2 giant cockroaches
  11 goblins
  5 hobgoblins
  2 giant newts
  5 kobolds
  A quokka (D:3)
  3 rats (D:2)
39 creatures vanquished.

Notes
Turn   | Place    | Note
--------------------------------------------------------------
     0 | D:1      | stonewall, the Mummy Arcane Marksman, began the quest for the Orb.
     0 | D:1      | Reached XP level 1. HP: 15/15 MP: 2/2
   303 | D:1      | Reached XP level 2. HP: 19/22 MP: 3/3
   850 | D:2      | Reached skill level 3 in Fighting
   850 | D:2      | Reached XP level 3. HP: 26/29 MP: 4/4
  1120 | D:2      | Found a stormy altar of Qazlal.
  1122 | D:2      | Noticed an air elemental
  1139 | D:2      | Noticed an earth elemental
  1140 | D:2      | Noticed a water elemental
  1140 | D:2      | Noticed a fire elemental
  1453 | D:2      | Noticed Crazy Yiuf
  1509 | D:2      | Killed Crazy Yiuf
  1509 | D:2      | Reached XP level 4. HP: 17/37 MP: 5/5
  1727 | D:2      | Found an ancient bone altar of Kikubaaqudgha.
  2058 | D:3      | Killed from afar by an orc wizard

Action                   |  1- 3 |  4- 6 || total
-------------------------+-------+-------++-------
Melee: Quarterstaff      |       |    24 ||    24
 Fire: Hunting sling     |   122 |       ||   122
  Use: Scroll            |       |     1 ||     1
